 Dungeon Crawl Stone Soup version 0.25-a0-803-g58bd18402a (webtiles) character file.

Game seed: 10857903160723469002, levelgen mode: deterministic

30 Maedhros the Charlatan (level 3, -2/23 HPs)
             Began as an Octopode Artificer on Apr 19, 2020.
             Slain by a howler monkey (7 damage)
             ... on level 5 of the Dungeon.
             The game lasted 00:01:35 (607 turns).

Maedhros the Charlatan (Octopode Artificer)          Turns: 607, Time: 00:01:35

Health: -2/23      AC:  1    Str: 11    XL:     3   Next: 18%
Magic:  5/5        EV: 13    Int: 13    God:
Gold:   0          SH:  0    Dex: 13    Spells: 2/2 levels left

rFire    . . .     SeeInvis .   a - +0 short sword
rCold    . . .     Gourm    .   (no shield)
rNeg     . . .     Faith    .   (helmet restricted)
rPois    .         Spirit   .   (no amulet)
rElec    .         Reflect  .   (no ring)
rCorr    .         Harm     .   (no ring)
MR       .....                  (no ring)
Stlth    +++.......             (no ring)
HPRegen  0.07/turn              (no ring)
MPRegen  0.09/turn              (no ring)
                                (no ring)
                                (no ring)

@: no status effects
A: almost no armour, stealthy swim, amphibious, 8 rings, constrict 8, camouflage
1, gelatinous body 1
a: no special abilities


You were on level 5 of the Dungeon.
You were not hungry.

You visited 1 branch of the dungeon, and saw 5 of its levels.

Inventory:

Hand Weapons
 a - a +0 short sword (weapon)
Wands
 b - a wand of flame (14)
 c - a wand of enslavement (15)
 d - a wand of random effects (15)
Scrolls
 h - 2 scrolls of remove curse {unknown}
 i - a scroll of identify {unknown}
 j - a scroll of magic mapping {unknown}
Potions
 e - a potion of flight {unknown}
 g - a potion of brilliance {unknown}
Comestibles
 f - 2 rations


   Skills:
 - Level 1.0 Fighting
 - Level 1.0 Short Blades
 - Level 2.0 Dodging
 + Level 2.4 Stealth
 * Level 1.8 Unarmed Combat
 + Level 3.6 Evocations


You had 2 spell levels left.
You didn't know any spells.
Your spell library contained the following spells:

 Spells                   Type           Power        Failure   Level  Hunger
 Corona                   Hex            #......      30%         1    ##.....
 Ensorcelled Hibernation  Hex/Ice        #.....       43%         2    ###....
 Confusing Touch          Hex            #.......     67%         3    ####...
 Dazzling Flash           Conj/Hex       #.....       67%         3    ####...
 Tukima's Dance           Hex            #.......     67%         3    ####...


Dungeon Overview and Level Annotations

Branches:
Dungeon (5/15)
 Temple: D:4-7

Altars:
Ashenzari

Shops:
D:4 *


Innate Abilities, Weirdness & Mutations

You cannot wear most types of armour.
You are very stealthy in the water. (Stealth+)
You are amphibious.
You can wear up to eight rings at the same time.
You can use your tentacles to constrict eight enemies at once.
Your skin changes colour to match your surroundings (Stealth+).
Your rubbery body absorbs attacks. (AC +1, EV +1)


Message History

The howler monkey is heavily wounded.
The howler monkey hits you.
You closely miss the howler monkey. Your grab misses the howler monkey.
The howler monkey is heavily wounded.
The howler monkey closely misses you.
The howler monkey hoots and howls with incredible vigour!
You hear a shout! x2; You hear a bark!
You hear a chilling moan.
You hear a shout!
You hear an angry hiss.
You hear a shout! x3
You hit the howler monkey. Your grab misses the howler monkey.
The howler monkey is severely wounded.
The howler monkey barely misses you.
You barely miss the howler monkey. Your grab misses the howler monkey.
The howler monkey is severely wounded.
The howler monkey hits you.
You hit the howler monkey. Your grab misses the howler monkey.
The howler monkey is almost dead.
The howler monkey hits you.
* * * LOW HITPOINT WARNING * * *
The howler monkey hits you!
You die...

#..!.......#
#..........#
#..........###
#...........?
#......[..#
##.>.......##
#...........###
#...........h.# #
#...<......##@##..#
#..........#......#
#............#....#
#.........######..#
#.......>.# ..#
#.........# ...
########.## .#.
#..# .. ##..#


You could see a howler monkey.

Vanquished Creatures
  An adder (D:2)
  An adder zombie (D:5)
  A leopard gecko (D:4)
  A giant cockroach (D:5)
  A goblin (D:2)
  3 hobgoblins
  2 jackals (D:1)
  A bat (D:1)
  2 frilled lizards (D:3)
  3 kobolds
16 creatures vanquished.

Notes
Turn   | Place    | Note
-------+----------+-------------------------------------------
     0 | D:1      | Maedhros the Octopode Artificer began the quest for the
                  | Orb.
     0 | D:1      | Reached XP level 1. HP: 13/13 MP: 3/3
    60 | D:2      | Reached skill level 1 in Unarmed Combat
    60 | D:2      | Reached XP level 2. HP: 13/18 MP: 4/4
   493 | D:4      | Reached XP level 3. HP: 23/23 MP: 5/5
   500 | D:4      | Found Poymad's Elemental Accessories.
   517 | D:4      | Found a shattered altar of Ashenzari.
   581 | D:5      | Entered Level 5 of the Dungeon
   607 | D:5      | Slain by a howler monkey

Levels and vault maps discovered:
D:1:      psy_arrival_conway, layout_basic
D:2:      layout_loops_cross, first_ration
D:3:      layout_loops_ring
D:4:      layout_layer_cave, serial_shops, nicolae_shop_statue_plus,
          nicolae_elemental_shop, ashenzari_altar_1, uniq_edmund,
          uniq_crazy_yiuf_cottage
D:5:      layout_rooms, lemuel_crystal_altar, temple_hall, wad_floor_pattern_2,
          uniq_pikel, uniq_grinder

Skill      XL: |  1 |
---------------+----+-----
Stealth        | 2 |  2.4
Unarmed Combat | 1 |  1.8
Fighting       | |  1.0
Short Blades   | |  1.0
Dodging        | |  2.0
Evocations     | |  3.6

Action                   || total
-------------------------++-------
Melee: Short sword       ||    44
       Constrict         ||    13
       Tentacles         ||     3
       Punch             ||     2
Evoke: Wand              ||     1
 Stab: Sleeping          ||     5
Armor: Skin              ||     4
Dodge: Dodged            ||    21

Table legend:
 A = Non-vault XP
 B = Vault XP
 C = Vault XP percentage of total XP
 D = Non-vault monster count
 E = Vault monster count
 F = Vault count percentage of total count
                 A         B        C        D         E       F
            +---------+---------+-------+---------+---------+-------
      Total |      43 |       0 |   0.0 |      16 |       0 |   0.0
            +---------+---------+-------+---------+---------+-------
        D:1 |       7 |       0 |   0.0 |       4 |       0 |   0.0
        D:2 |      18 |       0 |   0.0 |       4 |       0 |   0.0
        D:3 |       8 |       0 |   0.0 |       5 |       0 |   0.0
        D:4 |       3 |       0 |   0.0 |       1 |       0 |   0.0
        D:5 |       7 |       0 |   0.0 |       2 |       0 |   0.0
            +---------+---------+-------+---------+---------+-------
